 Dungeon Crawl Stone Soup version 0.29-a0-43-g62a80824bf (webtiles) character file.

Game seed: 7741521272053153192

5691 avis the Priest (level 10, -4/124 HPs)
             Began as a Hill Orc Transmuter on Jan 31, 2022.
             Was a Believer of Beogh.
             Succumbed to a killer bee's poison
             ... on level 8 of the Dungeon on Feb 3, 2022.
             The game lasted 01:10:08 (12974 turns).

avis the Priest (Hill Orc Transmuter)              Turns: 12974, Time: 01:10:09

Health: -4/124     AC: 25    Str: 14    XL:     10   Next: 76%
Magic:  18/18      EV:  2    Int: 17    God:    Beogh [**....]
Gold:   415        SH:  4    Dex: 11    Spells: 7/17 levels left

rFire   . . .      SeeInvis .   a - +8 autumn katana {vorpal, manifold assault}
rCold   . . .      Faith    +   g - +0 buckler
rNeg    . . .      Spirit   .   (armour currently unavailable)
rPois   +          Reflect  .   (helmet currently unavailable)
rElec   .          Harm     .   (cloak currently unavailable)
rCorr   .          Rampage  .   (gloves currently unavailable)
Will    +....      NoTele   +   (boots currently unavailable)
Stlth   +.........              c - amulet of faith
HPRegen 0.30/turn               Q - ring of willpower
MPRegen 0.16/turn               (no ring)

@: lethally poisoned (-4 -> -30), tree-form, studying Maces & Flails
A: stationary, stasis, torment immunity, boosted hp
a: Renounce Religion, Smiting


You were on level 8 of the Dungeon.
You worshipped Beogh.
Beogh was pleased with you.
You were a tree.
You visited 2 branches of the dungeon, and saw 10 of its levels.

You collected 415 gold pieces.

Inventory:

Hand Weapons
 a - the +8 autumn katana (weapon) {vorpal, manifold assault}
   (You found it on level 3 of the Dungeon)

   It sometimes launches melee attacks against multiple visible enemies.
 j - a +0 short sword of holy wrath
 q - a +0 shortbow of freezing
 t - a +0 trident
 u - a +0 spear
 v - a +0 whip of electrocution
 B - a +0 glaive
Missiles
 k - 79 stones
 n - 55 arrows
 o - 3 javelins
 y - 20 sling bullets
 D - 35 bolts
 E - 6 boomerangs
 H - 12 poisoned darts
Armour
 e - a +0 chain mail
 f - a +0 plate armour
 g - a +0 buckler (worn)
 i - a +0 helmet (melded)
 s - a +0 chain mail
 x - a +0 cloak (melded)
 G - a +0 pair of boots (melded)
 K - a +1 leather armour of fire resistance (melded)
 P - a +0 plate armour
Magical Staves
 r - a staff of death
Jewellery
 c - an amulet of faith (around neck)
 Q - a ring of willpower (left branch)
 T - an amulet of magic regeneration
Wands
 l - a wand of paralysis (10)
 L - a wand of iceblast (10)
 R - a wand of flame (15)
Scrolls
 d - 3 scrolls of fog {unknown}
 h - a scroll of torment {unknown}
 m - 4 scrolls of identify
 z - 2 scrolls of magic mapping {unknown}
 A - a scroll of enchant weapon {unknown}
 F - a scroll of amnesia {unknown}
 J - 2 scrolls of fear {unknown}
 M - 3 scrolls of teleportation {unknown}
 O - a scroll of vulnerability {unknown}
Potions
 p - a potion of invisibility
 w - a potion of mutation
 I - 2 potions of flight
 N - a potion of might {unknown}
 S - a potion of ambrosia {unknown}


   Skills:
 - Level 6.0 Fighting
 * Level 7.5 Long Blades
 - Level 2.0 Dodging
 - Level 4.0 Shields
 - Level 5.0 Unarmed Combat
 - Level 4.0 Spellcasting
 - Level 4.0 Transmutations
 - Level 4.0 Ice Magic
 - Level 2.0 Poison Magic
 - Level 10.9 Invocations


You had 7 spell levels left.
You knew the following spells:

 Your Spells              Type           Power      Damage    Failure   Level
a - Beastly Appendage     Tmut           34%        N/A       3%          1
e - Wereblood             Tmut           17%        N/A       6%          2
p - Spider Form           Tmut/Pois      13%        N/A       17%         3
q - Ice Form              Ice/Tmut       17%        N/A       36%         4

Your spell library contained the following spells:

 Spells                   Type           Power      Damage    Failure   Level
 Poisonous Vapours        Pois/Air       12%        N/A       21%         2
 Corpse Rot               Necr/Air       6%         N/A       30%         2
 Confusing Touch          Hex            3%         N/A       52%         3
 Yara's Violent Unravell  Hex/Tmut       5%         3d4       94%         5
 Summon Forest            Summ/Tloc      1%         N/A       99%         5
 Summon Mana Viper        Hex/Summ       3%         N/A       99%         5
 Summon Cactus Giant      Summ           1%         N/A       100%        6
 Enfeeble                 Hex            1%         N/A       100%        7


Dungeon Overview and Level Annotations

Branches:
Dungeon (9/15)             Temple (1/1) D:5
   Lair: D:8-11         Orc: D:9-12

Altars:
Ashenzari
Cheibriados
Hepliaklqana
Kikubaaqudgha
Makhleb
Nemelex Xobeh
Qazlal
Trog
Uskayaw
Vehumet
Xom
Zin
The Shining One
Jiyva

Shops:
D:1 *


Message History

You are lethally poisoned!
The killer bee poisons you!
The killer bee stings you but does no damage.
You feel much better.
You feel sick. The killer bee stings you. You block the killer bee's attack.
The killer bee stings you but does no damage. x2
The killer bee stings you. The killer bee barely misses you.
You miss the killer bee.
The killer bee is almost dead.
You feel sick. The killer bee stings you.
* * * LOW HITPOINT WARNING * * *
The killer bee closely misses you. The killer bee stings you.
* * * LOW HITPOINT WARNING * * *
You are more poisoned.
The killer bee poisons you! The killer bee barely misses you.
The killer bee closely misses you.
The killer bee stings you but does no damage.
You slice the killer bee!!
You kill the killer bee!
Beogh accepts your kill.
You feel sick. The killer bee misses you.
The killer bee stings you but does no damage.
The killer bee stings you.
* * * LOW HITPOINT WARNING * * *
You are more poisoned.
The killer bee poisons you! The killer bee closely misses you.
* * * LOW HITPOINT WARNING * * *
You feel very sick. The killer bee barely misses you.
The killer bee stings you.
* * * LOW HITPOINT WARNING * * *
You are more poisoned.
The killer bee poisons you! The killer bee closely misses you.
You see here a killer bee corpse.
Unknown command.
It was a potion of lignification.
You turn into a tree.
Your +0 cloak melds into your body.
Your +0 helmet melds into your body.
Your +0 pair of boots melds into your body.
Your +1 leather armour of fire resistance melds into your body.
You feel less resistant to fire.
Your roots penetrate the ground.
You die...

## ####### .# #.....#
########.....######
................♣y#####
#####.##.....####y....##
#####.##.)...# ##.###..#####
#............###...........#
#................####^####.#
#............##..#.......#.#
#............###.#.......#.#
#............# #.#.......#.#
#............# #.#..._...#.#


You could see 2 killer bees.

Vanquished Creatures
  A two-headed ogre (D:5)
  An unseen horror (D:8)
  7 yaks
  A steam dragon (D:6)
  A vampire mosquito (D:5)
  5 black bears
  2 sky beasts
  A hornet zombie (D:6)
  3 orc warriors
  An ice beast (D:7)
  5 centaurs
  2 necrophages
  A kobold brigand (D:7)
  2 gnoll sergeants
  3 scorpions
  A water moccasin zombie (D:5)
  2 wyvern skeletons (D:7)
  A water moccasin skeleton (D:6)
  6 killer bees (D:8)
  3 centaur zombies
  Crazy Yiuf (D:2)
  3 hounds
  An orc priest (D:4)
  A jelly (D:5)
  3 iguanas
  3 orc wizards
  A killer bee zombie (D:8)
  9 adders
  13 gnolls
  2 white imps
  2 ufetubi (D:6)
  An adder zombie (D:5)
  3 worms
  5 dart slugs
  28 orcs
  4 bats
  8 endoplasms
  A giant cockroach (D:2)
  8 goblins
  12 hobgoblins
  15 jackals
  3 quokkas
  6 ball pythons
  2 frilled lizards
  14 kobolds
  6 rats
204 creatures vanquished.

Vanquished Creatures (others)
  An orc priest (D:4)
  6 plants (D:7)
7 creatures vanquished.

Grand Total: 211 creatures vanquished

Notes
Turn   | Place    | Note
-------+----------+-------------------------------------------
     0 | D:1      | avis the Hill Orc Transmuter began the quest for the Orb.
     0 | D:1      | Reached XP level 1. HP: 16/16 MP: 3/3
   141 | D:1      | Reached XP level 2. HP: 16/25 MP: 4/4
   746 | D:1      | Found Juchayt's Assorted Antiques.
   786 | D:1      | Reached XP level 3. HP: 22/31 MP: 3/5
   871 | D:1      | Learned a level 3 spell: Spider Form
  1682 | D:2      | Reached XP level 4. HP: 13/38 MP: 2/6
  2360 | D:2      | Reached skill level 5 in Unarmed Combat
  2682 | D:2      | Reached XP level 5. HP: 32/45 MP: 2/7
  2685 | D:2      | Reached skill level 1 in Poison Magic
  3472 | D:2      | Identified the +11 mace of the Final Deaths {spect, Drain
                  | +Blink rCorr Dex+4}
  3484 | D:2      | Found a runed translucent door.
  3485 | D:2      | Noticed Crazy Yiuf
  3554 | D:2      | Killed Crazy Yiuf
  3555 | D:2      | Reached XP level 6. HP: 20/51 MP: 4/9
  4256 | D:3      | Found the +8 autumn katana {vorpal, manifold assault}
  4425 | D:3      | Found a faded altar of an unknown god.
  4628 | D:3      | Found a radiant altar of Vehumet.
  4870 | D:4      | Found a hide-covered altar of Uskayaw.
  4953 | D:4      | Became a worshipper of Beogh the Brigand
  5166 | D:4      | Noticed a black bear
  5373 | D:4      | Killed a black bear
  5374 | D:4      | Reached skill level 1 in Invocations
  5374 | D:4      | Reached XP level 7. HP: 53/59 MP: 7/10
  5378 | D:4      | Reached skill level 2 in Invocations
  5678 | D:3      | Reached skill level 3 in Invocations
  6119 | D:4      | Upgraded the game from 0.29-a0-23-ga79f92ac9c to
                  | 0.29-a0-25-g7f48f510a0
  6124 | D:4      | Learned a level 4 spell: Ice Form
  6127 | D:4      | Learned a level 2 spell: Wereblood
  6127 | D:4      | Upgraded the game from 0.29-a0-25-g7f48f510a0 to
                  | 0.29-a0-40-g8eb35efe60
  6135 | D:5      | Entered Level 5 of the Dungeon
  6281 | D:5      | Reached * piety under Beogh
  6284 | D:5      | Reached skill level 5 in Fighting
  6284 | D:5      | Reached skill level 4 in Invocations
  6294 | D:5      | Reached skill level 5 in Invocations
  6573 | D:5      | Reached XP level 8. HP: 52/68 MP: 10/12
  6662 | D:5      | Noticed a yak
  6664 | D:5      | Reached skill level 6 in Invocations
  6678 | D:5      | Killed a yak
  6679 | D:5      | Reached skill level 7 in Invocations
  6871 | D:5      | Reached skill level 8 in Invocations
  6910 | D:5      | Noticed a two-headed ogre
  7248 | D:5      | Killed a two-headed ogre
  7249 | D:5      | Reached skill level 10 in Invocations
  7249 | D:5      | Reached XP level 9. HP: 28/74 MP: 14/17
  7485 | D:5      | Found a staircase to the Ecumenical Temple.
  7532 | D:5      | Found a glowing golden altar of the Shining One.
  7557 | D:5      | Reached skill level 1 in Ice Magic
  7781 | D:5      | Found a broken altar of Ashenzari.
  8076 | Temple   | Entered the Ecumenical Temple
  8795 | D:6      | Found a burning altar of Makhleb.
  9068 | D:7      | Reached ** piety under Beogh
  9554 | D:7      | Found a hazy altar of Hepliaklqana.
  9576 | D:7      | Reached XP level 10. HP: 56/81 MP: 18/18
  9687 | D:7      | Found a glowing silver altar of Zin.
 10510 | D:8      | Found a sparkling altar of Nemelex Xobeh.
 10584 | D:8      | HP: 4/81 [centaur warrior zombie (1)]
 11202 | D:8      | Found a shimmering altar of Xom.
 11239 | D:8      | Reached skill level 5 in Long Blades
 12129 | D:8      | Killed an unseen horror
 12446 | D:8      | Upgraded the game from 0.29-a0-40-g8eb35efe60 to
                  | 0.29-a0-43-g62a80824bf
 12973 | D:8      | HP: 1/83 [killer bee (4)]
 12974 | D:8      | Succumbed to a killer bee's poison

Illustrated notes

Levels and vault maps discovered:
D:1:      dpeg_arrival_fog, layout_rooms, serial_shops, nicolae_shop_statue_plus
D:2:      minmay_alternating_diamond, layout_basic, uniq_crazy_yiuf_cottage
D:3:      layout_basic, mainiacjoe_overflow_tiny_flanked,
          chequers_ecumenical_altar_simple, small_statue_intersection
D:4:      layout_basic, nicolae_uskayaw_suspiria
D:5:      layout_basic, nicolae_ashenzari_skybound,
          mainiacjoe_overflow_small_starburst, minmay_temple_entry_glass,
          grunt_ministairs_6, minmay_manual_monstrance
D:6:      layout_cave_pools, bloody_makhleb
D:7:      layout_basic, mainiacjoe_overflow_catch_the_wave
D:8:      layout_basic, nemelex_altar_shiori, lemuel_tele_altar,
          kennysheep_path_1
D:9:      layout_irregular_city, lair_entry_dummy, hex_tiny, grunt_ogre_cave,
          uniq_harold
Temple:   pf_slime_end_temple

Skill      XL: |  1  2  3  4  5  6  7  8  9 10 |
---------------+-------------------------------+-----
Fighting       | 2 3 4 5 6 |  6.0
Unarmed Combat | 4 5 |  5.0
Dodging        | 2 |  2.0
Poison Magic   | 2 |  2.0
Transmutations | 2 4 |  4.0
Spellcasting   | 2 4 |  4.0
Shields        | 3 4 |  4.0
Invocations    | 1 5 10 | 10.9
Ice Magic      | 3 4 |  4.0
Long Blades    | 7 |  7.5

Action                   |  1- 3 |  4- 6 |  7- 9 | 10-12 || total
-------------------------+-------+-------+-------+-------++-------
Melee: Unarmed           |    94 |   109 |    47 |    52 ||   302
       Kick              |    22 |     7 |    14 |    19 ||    62
       Headbutt          |     6 |     2 |    11 |     9 ||    28
       Punch             |     1 |     2 |       |       ||     3
       Katana            |       |    45 |   173 |    69 ||   287
 Fire: Hunting sling     |    13 |    51 |       |       ||    64
 Cast: Beastly Appendage |    21 |     6 |    19 |    16 ||    62
       Spider Form       |     3 |    14 |     8 |     3 ||    28
       Ice Form          |       |       |       |     2 ||     2
Invok: Convert to Beogh  |       |     1 |       |       ||     1
       Smiting           |       |       |       |     2 ||     2
  Use: Potion            |       |     1 |     1 |     5 ||     7
       Scroll            |       |       |     4 |       ||     4
 Stab: Sleeping          |       |     2 |     1 |       ||     3
Armor: Robe              |    18 |       |       |       ||    18
       Leather armour    |     4 |    33 |    41 |    37 ||   115
       Skin              |       |     1 |     4 |    11 ||    16
Dodge: Dodged            |    77 |   101 |   101 |   118 ||   397
Block: Buckler           |       |       |    27 |    30 ||    57

Table legend: (Time is in decaauts)
 A = Elapsed time spent in this place.
 B = Non-inter-level travel time spent in this place.
 C = Inter-level travel time spent in this place.
 D = Time resting spent in this place.
 E = Time spent auto-exploring this place.
 F = Levels seen in this place.
 G = Mean time per level.
                   A        B        C        D        E       F      G
               +--------+--------+--------+--------+--------+-----+--------+
         Total |  13010 |  11912 |   1098 |   5343 |   3690 |  10 | 1301.0 |
       Dungeon |  12869 |  11771 |   1098 |   5343 |   3573 |   9 | 1429.9 |
        Temple |    140 |    140 |      0 |      0 |    117 |   1 |  140.0 |
               +--------+--------+--------+--------+--------+-----+--------+

Top non-repeatable levels by time:
     D:8: 2402 daAuts
     D:1: 2122 daAuts
     D:2: 2023 daAuts
     D:5: 1473 daAuts
     D:3: 1269 daAuts
     D:4: 1261 daAuts
     D:7: 1218 daAuts
     D:6: 1034 daAuts
  Temple: 140 daAuts
     D:9: 64 daAuts
